 Dungeon Crawl Stone Soup version 0.30-a0-778-g2ef04afb54 (webtiles) character file.

Game seed: 10170595041541794667

2665 Esekla the Covert (level 9, -4/57 (62) HPs)
             Began as an Octopode Delver on Feb 16, 2023.
             Was an Initiate of Gozag.
             Slain by a wight
             ... wielding a +4 falchion of freezing
              (6 damage)
             ... on level 7 of the Dungeon.
             The game lasted 00:36:08 (6868 turns).

Esekla the Covert (Octopode Delver)                 Turns: 6868, Time: 00:36:09

HP:   -4/57 (62)    AC:  5    Str: 11    XL:     9   Next: 63%
MP:   9/15          EV: 14    Int: 17    God:    Gozag
Gold: 539           SH:  0    Dex: 13    Spells: 12/17 levels left

rFire   . . .      SeeInvis .    a - +0 falchion
rCold   . . .      Faith    .    (no shield)
rNeg    . . .      Spirit   .    (helmet restricted)
rPois   .          Reflect  .    k - amulet of the acrobat
rElec   .          Harm     .    m - ring of flight
rCorr   +          Rampage  .    n - ring of resist corrosion
Will    .....                    B - +4 ring of protection
Stlth   +++++                    (no ring)
HPRegen 0.29/turn                (no ring)
MPRegen 0.14/turn                (no ring)
                                 (no ring)
                                 (no ring)

@: gold aura, flying, drained
A: almost no armour, amphibious, 8 rings, camouflage 1, gelatinous body 1,
(nimble swimmer 1), tentacles
a: Renounce Religion, Potion Petition, Call Merchant, Bribe Branch


You were on level 7 of the Dungeon.
You worshipped Gozag.
Gozag was pleased with you.
You visited 2 branches of the dungeon, and saw 9 of its levels.

You collected 1460 gold pieces.
You spent 210 gold pieces at shops.
You paid 711 gold pieces to Gozag.

Inventory:

Hand Weapons
 a - a +0 falchion (weapon)
 r - a +0 trident
 s - a +2 dagger of freezing
Missiles
 l - 3 boomerangs (quivered)
 C - 4 poisoned darts
Jewellery
 k - an amulet of the acrobat (around mantle)
 m - a ring of flight (left tentacle)
 n - a ring of resist corrosion (right tentacle)
 B - a +4 ring of protection (on tentacle)
Wands
 f - a wand of digging (3)
 G - a wand of paralysis (5)
Scrolls
 b - 4 scrolls of fog
 c - 3 scrolls of magic mapping
 h - 3 scrolls of vulnerability {unknown}
 i - 7 scrolls of teleportation {unknown}
 j - 2 scrolls of noise {unknown}
 o - 3 scrolls of enchant armour {unknown}
 p - 4 scrolls of identify {unknown}
 w - 2 scrolls of blinking {unknown}
 y - 2 scrolls of immolation {unknown}
 A - a scroll of poison {unknown}
 F - a scroll of amnesia {unknown}
Potions
 d - 2 potions of invisibility
 e - 4 potions of haste
 g - 2 potions of degeneration {unknown}
 q - 3 potions of curing
 t - a potion of heal wounds {unknown}
 u - a potion of brilliance {unknown}
 v - 4 potions of mutation {unknown}
 x - a potion of lignification {unknown}
 z - 2 potions of flight {unknown}
 D - a potion of might
 E - a potion of attraction {unknown}


   Skills:
 * Level 5.7 Fighting
 + Level 2.7(4.8) Short Blades
 * Level 6.1(6.5) Long Blades
 + Level 2.6 Throwing
 * Level 4.6 Dodging
 - Level 8.2 Stealth
 * Level 4.5 Spellcasting
 * Level 3.8 Necromancy
 + Level 3.4 Translocations


You had 12 spell levels left.
You knew the following spells:

 Your Spells              Type           Power      Damage    Failure   Level
b - Blink                 Tloc           30%        N/A       5%          2
d - Vampiric Draining     Necr           16%        2d7       10%         3

Your spell library contained the following spells:

 Spells                   Type           Power      Damage    Failure   Level
 Sublimation of Blood     Necr           16%        N/A       4%          2
 Lesser Beckoning         Tloc           30%        N/A       5%          2
 Momentum Strike          Conj/Tloc      18%        3d8       11%         2
 Slow                     Hex            12%        N/A       16%         1
 Kindle Blastsparks       Fire/Tloc/Air  14%        2d11      28%         3
 Confusing Touch          Hex            3%         N/A       41%         3
 Iskenderun's Mystic Bla  Conj/Tloc      9%         2d4       58%         4
 Fulminant Prism          Conj/Hex       1%         3d5       83%         4
 Lee's Rapid Deconstruct  Erth           1%         3d4*      99%         5


Dungeon Overview and Level Annotations

Branches:
Dungeon (8/15)             Temple (1/1) D:5
   Lair: D:8-11

Altars:
Cheibriados
Dithmenos
Gozag
Hepliaklqana
Nemelex Xobeh
Okawaru
Qazlal
Trog
Uskayaw
Wu Jian
The Shining One

Shops:
D:5 !   D:6 (


Innate Abilities, Weirdness & Mutations

You cannot wear most types of armour.
You are amphibious.
You can wear up to eight rings at the same time.
Your skin changes colour to match your surroundings (Stealth+).
Your rubbery body absorbs attacks. (AC +1, EV +1)
((You are camouflaged when in or above water. (Stealth+)))
You have tentacles for arms and can constrict up to eight enemies at once.


Message History

Aim: a howler monkey (heavily wounded)
Okay, then.
You slash the howler monkey! You grab the howler monkey.
The howler monkey is almost dead.
You constrict the howler monkey.
You kill the howler monkey!
Casting: Vampiric Draining (dangerous; 10% risk of failure)
Confirm with . or Enter, or press ? or * to list all spells.
Aiming: Vampiric Draining (dangerous; 10% risk of failure)
Press: ? - help, Shift-Dir - straight line, f - orc
Aim: an orc, wielding a +1 whip of draining You draw life force from the orc!
You kill the orc!
You feel life coursing into your body.
You completely miss the wight. You grab the wight. You squeeze the wight.
The wight is moderately damaged.
You constrict the wight, but do no damage.
The wight hits you with a +4 falchion of freezing!
You feel drained. The wight freezes you.
The orc hits you from afar with a +0 trident.
* * * LOW HITPOINT WARNING * * *
You slash the wight!
The wight is almost destroyed.
You constrict the wight, but do no damage.
The orc hits you but does no damage.
The orc is distracted by your dazzling golden aura.
The wight hits you with a +4 falchion of freezing.
* * * LOW HITPOINT WARNING * * *
The wight freezes you.
* * * LOW HITPOINT WARNING * * *
The orc shouts!
You hit the wight but do no damage.
The wight is almost destroyed.
You constrict the wight, but do no damage.
The orc is no longer distracted by gold.
The orc hits you from afar with a +0 trident!
* * * LOW HITPOINT WARNING * * *
The wight hits you with a +4 falchion of freezing.
You die...
Your body crumbles into a pile of gold.

### #@# #.. ##z#
.... #oo# ....##
#..##
#.....###...###
#..o.........#..
#..............
$
##.............
##..........##


You could see a wight and 2 orcs.

Vanquished Creatures
  Grinder (D:4)
  2 water moccasins (D:6)
  An orc warrior (D:6)
  A black bear (D:6)
  A sky beast (D:6)
  4 ogres
  A lemure (D:7)
  A centaur (D:7)
  2 necrophages (D:6)
  2 scorpions
  2 wights
  6 killer bees
  A howler monkey (D:7)
  2 orc priests
  3 hounds
  4 jellies
  A gnoll bouda (D:6)
  Crazy Yiuf (D:4)
  Jessica (D:2)
  4 iguanas
  An orc wizard (D:6)
  Natasha (thrice) (D:4)
  Robin (D:2)
  12 gnolls
  10 adders
  2 white imps (D:6)
  An ufetubus (D:7)
  7 dart slugs
  19 orcs
  7 ball pythons
  7 endoplasms
  5 giant cockroaches
  13 goblins
  10 hobgoblins
  4 jackals
  6 kobolds
  4 quokkas
  5 bats
  4 frilled lizards
  8 rats
170 creatures vanquished.

Notes
Turn   | Place    | Note
-------+----------+-------------------------------------------
     0 | D:5      | Esekla the Octopode Delver began the quest for the Orb.
     0 | D:5      | Reached XP level 1. HP: 16/16 MP: 1/1
    28 | D:5      | Found a staircase to the Ecumenical Temple.
    35 | Temple   | Entered the Ecumenical Temple
    99 | Temple   | Became a worshipper of Gozag Ym Sagoz the Greedy
   152 | D:5      | Noticed a killer bee
   192 | D:5      | Noticed an iguana
   212 | D:5      | Reached XP level 2. HP: 20/21 MP: 2/2
   231 | D:5      | Found a hide-covered altar of Uskayaw.
   233 | D:5      | Found a glowing golden altar of the Shining One.
   379 | D:4      | Noticed Grinder
   421 | D:4      | Noticed Natasha
   428 | D:4      | Killed Natasha
   429 | D:4      | Reached skill level 7 in Stealth
   429 | D:4      | Reached XP level 3. HP: 8/26 MP: 2/4
   590 | D:4      | Noticed an ogre
   643 | D:4      | Reached skill level 1 in Spellcasting
   643 | D:4      | Reached skill level 1 in Translocations
   643 | D:4      | Reached XP level 4. HP: 21/31 MP: 5/5
   887 | D:3      | Learned a level 2 spell: Blink
  1215 | D:1      | Reached XP level 5. HP: 36/36 MP: 6/6
  1642 | D:1      | Found a faded altar of an unknown god.
  1874 | D:2      | Noticed Robin
  1937 | D:2      | Killed Robin
  2336 | D:2      | Noticed Jessica
  2342 | D:2      | Killed Jessica
  2343 | D:2      | Reached skill level 8 in Stealth
  2343 | D:2      | Reached XP level 6. HP: 43/43 MP: 8/8
  2359 | D:2      | Got Jessica's Precepts of Debased Deeds
  2997 | D:3      | Learned a level 3 spell: Vampiric Draining
  3221 | D:3      | Found an iron altar of Okawaru.
  3364 | D:4      | Reached skill level 1 in Throwing
  3378 | D:4      | Noticed Natasha
  3389 | D:4      | Reached XP level 7. HP: 45/48 MP: 10/10
  3391 | D:4      | Killed Natasha
  3392 | D:4      | Reached skill level 1 in Short Blades
  3624 | D:4      | Killed Grinder
  3625 | D:4      | Reached skill level 1 in Necromancy
  4238 | D:4      | Noticed Natasha
  4249 | D:4      | Killed Natasha
  4382 | D:4      | Reached XP level 8. HP: 54/54 MP: 11/11
  4538 | D:4      | Found a runed translucent door.
  4539 | D:4      | Noticed Crazy Yiuf
  4547 | D:4      | Killed Crazy Yiuf
  4703 | D:5      | Found Dybbicoz's Distillery.
  5287 | D:5      | Reached skill level 5 in Fighting
  5340 | D:5      | Bought a potion of invisibility for 112 gold pieces
  5340 | D:5      | Bought a potion of might for 56 gold pieces
  5340 | D:5      | Bought a potion of curing for 42 gold pieces
  5525 | D:6      | Found a bloodstained altar of Trog.
  5525 | D:6      | Found a snail-covered altar of Cheibriados.
  5721 | D:6      | Reached XP level 9. HP: 52/61 MP: 14/14
  5825 | D:6      | Reached skill level 5 in Long Blades
  6805 | D:8      | Noticed a two-headed ogre
  6805 | D:8      | Noticed a gargoyle
  6805 | D:8      | Found the +6 shillelagh "Devastator" {shatter}
  6813 | D:8      | Noticed a two-headed ogre
  6813 | D:8      | Noticed a two-headed ogre
  6868 | D:7      | HP: 2/57 [orc/+0 trident (7)]
  6868 | D:7      | Slain by a wight

Illustrated notes

Levels and vault maps discovered:
D:1:      eino_arrival_cavern_a, layout_basic,
          hellmonk_ecumenical_altar_defaced_shrine
D:2:      layout_loops_ring, kennysheep_jessica_study, uniq_robin
D:3:      layout_rooms, okawaru_altar_gauntlet_db, serial_curves,
          eino_curves_02, eino_curves_04, minmay_misc_feat_pillars,
          minmay_diced_spiral
D:4:      layout_basic, uniq_grinder, uniq_crazy_yiuf_cottage, uniq_natasha
D:5:      layout_basic, nicolae_overflow_hidden_temple,
          minmay_temple_entry_glass, serial_shops, nicolae_diamond_shop
D:6:      layout_rooms, jmf_multi_god_temple, hangedman_decor_clover_reticule,
          st_stairs_14
D:7:      layout_layer_cave, uniq_pikel
D:8:      layout_loops_ring, wad_floor_pattern_2,
          dilly_guarded_unrand_devastator, uniq_gastronok, uniq_joseph,
          uniq_psyche
Temple:   dpeg_chambers_temple

Skill      XL: |  1  2  3  4  5  6  7  8  9 |
---------------+----------------------------+-----
Stealth        | 7 8 |  8.2
Spellcasting   | 1 2 3 4 |  4.5
Translocations | 1 2 3 |  3.4
Long Blades    | 3 4 6 |  6.1
Fighting       | 4 5 |  5.7
Throwing       | 1 2 |  2.6
Short Blades   | 1 2 |  2.7
Dodging        | 3 4 |  4.6
Necromancy     | 1 3 |  3.8

Action                     |  1- 3 |  4- 6 |  7- 9 || total
---------------------------+-------+-------+-------++-------
  Melee: Falchion          |    10 |    80 |   130 ||   220
         Tentacles         |     4 |    29 |    45 ||    78
         Constrict         |     2 |    40 |    40 ||    82
         Dagger            |     1 |    78 |    50 ||   129
         Punch             |       |     3 |     4 ||     7
  Throw: Boomerang         |       |    23 |    20 ||    43
         Dart              |       |       |    23 ||    23
   Cast: Vampiric Draining |       |       |    19 ||    19
         Blink             |       |       |     5 ||     5
 Invoke: Call Merchant     |       |       |     1 ||     1
    Use: Scroll            |       |       |     1 ||     1
   Stab: Sleeping          |     1 |    34 |    13 ||    48
         Distracted        |       |     1 |       ||     1
 Armour: Skin              |     1 |     5 |    27 ||    33
  Dodge: Dodged            |     3 |   120 |   131 ||   254

Table legend: (Time is in decaauts)
 A = Elapsed time spent in this place.
 B = Non-inter-level travel time spent in this place.
 C = Inter-level travel time spent in this place.
 D = Time resting spent in this place.
 E = Time spent auto-exploring this place.
 F = Levels seen in this place.
 G = Mean time per level.
                   A        B        C        D        E       F      G
               +--------+--------+--------+--------+--------+-----+--------+
         Total |   6864 |   6696 |    168 |   1264 |   1743 |   9 |  762.7 |
       Dungeon |   6778 |   6631 |    147 |   1264 |   1694 |   8 |  847.2 |
        Temple |     85 |     64 |     21 |      0 |     49 |   1 |   85.0 |
               +--------+--------+--------+--------+--------+-----+--------+

Top non-repeatable levels by time:
     D:5: 1323 daAuts
     D:4: 1293 daAuts
     D:6: 1055 daAuts
     D:3: 984 daAuts
     D:2: 850 daAuts
     D:1: 831 daAuts
     D:7: 414 daAuts
  Temple: 85 daAuts
     D:8: 26 daAuts
